 Dungeon Crawl Stone Soup version 0.28-a0-60-g54b5640690 (webtiles) character file.

Game seed: 7587859891689353128

14 quinnr the Gusty (level 2, -6/15 HPs)
             Began as a Tengu Air Elementalist on July 30, 2021.
             Mangled by a worm (11 damage)
             ... on level 1 of the Dungeon.
             The game lasted 00:03:14 (1324 turns).

quinnr the Gusty (Tengu Air Elementalist)           Turns: 1324, Time: 00:03:15

Health: -6/15      AC:  3    Str:  8    XL:     2   Next: 45%
Magic:  6/6        EV: 12    Int: 15    God:
Gold:   41         SH:  0    Dex: 14    Spells: 4/5 levels left

rFire   . . .      SeeInvis .   c - +0 dagger (holy)
rCold   . . .      Faith    .   (no shield)
rNeg    . . .      Spirit   .   a - +0 robe
rPois   .          Reflect  .   (helmet restricted)
rElec   .          Harm     .   e - +0 cloak
rCorr   .          Rampage  .   (no gloves)
Will    .....                   (boots unavailable)
Stlth   ++........              (no amulet)
HPRegen 0.05/turn               (no ring)
MPRegen 0.10/turn               (no ring)

@: no status effects
A: beak, talons 3
a: no special abilities


You were on level 1 of the Dungeon.
You visited 1 branch of the dungeon, and saw 2 of its levels.

You collected 41 gold pieces.

Inventory:

Hand Weapons
 c - a +0 dagger of holy wrath (weapon)
Armour
 a - a +0 robe (worn)
 e - a +0 cloak (worn)
Scrolls
 b - a scroll of magic mapping {unknown}
 f - a scroll of identify {unknown}
 h - a scroll of enchant weapon {unknown}
 i - a scroll of enchant armour {unknown}
Potions
 d - 2 potions of brilliance {unknown}
 g - a potion of flight {unknown}
 j - 2 potions of curing {unknown}
 k - a potion of ambrosia {unknown}
 l - a potion of heal wounds {unknown}


   Skills:
 - Level 2.1 Dodging
 - Level 2.0 Stealth
 + Level 2.4 Spellcasting
 - Level 1.3 Conjurations
 + Level 4.5 Air Magic


You had 4 spell levels left.
You knew the following spells:

 Your Spells              Type           Power      Damage    Failure   Level
a - Shock                 Conj/Air       40%        1d5       6%          1

Your spell library contained the following spells:

 Spells                   Type           Power      Damage    Failure   Level
 Static Discharge         Conj/Air       10%        N/A       10%         2
 Swiftness                Air            15%        N/A       10%         3
 Airstrike                Air            7%         N/A       32%         4


Dungeon Overview and Level Annotations

Branches:
Dungeon (2/15)

Altars:


Innate Abilities, Weirdness & Mutations

You have a beak for a mouth.
You have claws for feet.


Message History

The worm is heavily wounded.
You are too depleted to draw on your mana recklessly!
You miscast Shock.
You are very lightly contaminated with residual magic.
Nothing appears to happen.
You hit the worm. You peck the worm.
The worm is moderately wounded.
You hit the worm.
The worm is moderately wounded.
The worm bites you.
You hit the worm. Your peck misses the worm.
The worm is moderately wounded.
The worm barely misses you.
You hit the worm. You claw the worm.
The worm is heavily wounded.
You completely miss the worm.
The worm is heavily wounded.
The worm bites you.
You hit the worm but do no damage. You claw the worm, but do no damage.
The worm is heavily wounded.
Your magical contamination has completely faded away.
The zap hits the worm.
The worm is severely wounded.
The worm bites you.
* * * LOW HITPOINT WARNING * * *
There is a stone staircase leading up here.
You climb upwards.
There is a stone staircase leading down here.
You start resting.
Magic restored.
You start resting.
HP restored.
You climb downwards.
The worm bites you!
Ouch! That really hurt!
There is a stone staircase leading up, spattered with blood here.
You climb upwards.
There is a stone staircase leading down here.
The worm bites you!
Ouch! That really hurt!
You die...

###### #####....#
##(.......# #....#....#
######.(.#.#...#
#.......#._.#..#######
#.#####..#.#...##....##
#.# #>@...#..........'.
#.# #.w.......###....##
#.###....+...+.........
#.....####...##.#......
####..........#.####...
#.#####.............
#...####...#........
###.................
#.................


You could see a worm.

Vanquished Creatures
  2 endoplasms (D:1)
  2 giant cockroaches
  A ball python (D:1)
  2 bats (D:1)
  2 frilled lizards (D:1)
  A goblin (D:1)
  3 kobolds
  3 rats
16 creatures vanquished.

Notes
Turn   | Place    | Note
-------+----------+-------------------------------------------
     0 | D:1      | quinnr the Tengu Air Elementalist began the quest for the
                  | Orb.
     0 | D:1      | Reached XP level 1. HP: 10/10 MP: 4/4
   202 | D:1      | Found a faded altar of an unknown god.
   402 | D:1      | Reached XP level 2. HP: 15/15 MP: 4/6
  1324 | D:1      | Mangled by a worm

Illustrated notes

Levels and vault maps discovered:
D:1:      nicolae_arrival_washed_ashore, layout_basic,
          chequers_ecumenical_altar_simple_redux, glass_columns_b
D:2:      layout_rooms, hex_medium, minmay_fountain_box, minmay_tromino_v7

Action                   || total
-------------------------++-------
Melee: Unarmed           ||     2
       Peck              ||     2
       Dagger            ||     6
       Kick              ||     2
 Cast: Shock             ||    43
Armor: Robe              ||     2
Dodge: Dodged            ||     3

Table legend: (Time is in decaauts)
 A = Elapsed time spent in this place.
 B = Non-inter-level travel time spent in this place.
 C = Inter-level travel time spent in this place.
 D = Time resting spent in this place.
 E = Time spent auto-exploring this place.
 F = Levels seen in this place.
 G = Mean time per level.
                   A        B        C        D        E       F      G
               +--------+--------+--------+--------+--------+-----+--------+
         Total |   1325 |   1270 |     55 |    260 |    862 |   2 |  662.5 |
       Dungeon |   1325 |   1270 |     55 |    260 |    862 |   2 |  662.5 |
               +--------+--------+--------+--------+--------+-----+--------+

Top non-repeatable levels by time:
     D:1: 1151 daAuts
     D:2: 174 daAuts
